 Dungeon Crawl Stone Soup version 0.28-a0-895-g6e5f11bd55 (webtiles) character file.

Game seed: 13717244474802046072

1 siradein the Vexing (level 1, -4/15 HPs)
             Began as a Demonspawn Arcane Marksman on Nov 23, 2021.
             Slain by a quokka (5 damage)
             ... on level 1 of the Dungeon.
             The game lasted 00:01:41 (113 turns).

siradein the Vexing (Demonspawn Arcane Marksman)     Turns: 113, Time: 00:01:42

Health: -4/15      AC:  2    Str: 10    XL:     1   Next: 16%
Magic:  2/2        EV: 12    Int: 14    God:
Gold:   0          SH:  0    Dex: 13    Spells: 1/2 levels left

rFire   . . .      SeeInvis .   (no weapon)
rCold   . . .      Faith    .   (no shield)
rNeg    . . .      Spirit   .   d - +0 robe
rPois   .          Reflect  .   (no helmet)
rElec   .          Harm     .   (no cloak)
rCorr   .          Rampage  .   (no gloves)
Will    .....                   (no boots)
Stlth   +.........              (no amulet)
HPRegen 0.05/turn               (no ring)
MPRegen 0.08/turn               (no ring)

@: no status effects
A: no striking features
a: no special abilities


You were on level 1 of the Dungeon.
You visited 1 branch of the dungeon, and saw 1 of its levels.

Inventory:

Hand Weapons
 a - a +0 shortbow
Missiles
 b - 12 stones (quivered)
 c - 20 arrows
 f - 9 poisoned darts
Armour
 d - a +0 robe (worn)
Scrolls
 e - a scroll of fog {unknown}


   Skills:
 + Level 1.0 Fighting
 + Level 1.8 Bows
 + Level 1.8 Dodging
 + Level 1.0 Spellcasting
 + Level 3.0 Hexes


You had one spell level left.
You knew the following spells:

 Your Spells              Type           Power      Damage    Failure   Level
a - Slow                  Hex            36%        N/A       8%          1

Your spell library contained the following spells:

 Spells                   Type           Power      Damage    Failure   Level
 Inner Flame              Hex/Fire       4%         N/A       38%         3
 Portal Projectile        Hex/Tloc       8%         N/A       38%         3
 Cause Fear               Hex            4%         N/A       58%         4


Dungeon Overview and Level Annotations

Branches:
Dungeon (1/15)

Altars:


Message History

The quokka is severely wounded.
The quokka bites you.
You are too injured to fight recklessly!
You are too injured to fight recklessly!
You are too injured to fight recklessly!
You are too injured to fight recklessly!
You are too injured to fight recklessly!
You are too injured to fight recklessly!
You are too injured to fight recklessly!
You closely miss the quokka.
The quokka is severely wounded.
You hit the quokka but do no damage.
The quokka is severely wounded.
The quokka barely misses you.
Throw: 16 stones
Press: ? - help, Q - select action, (/) - cycle Shift-Dir - straight line, f/p - quokka
Aim: a quokka (severely wounded, slow, 43% to hit)
You throw a stone.
The stone hits the quokka but does no damage.
The quokka is severely wounded.
The quokka bites you.
Throw: 15 stones
Press: ? - help, Q - select action, (/) - cycle Shift-Dir - straight line, f/p - quokka
Aim: a quokka (severely wounded, slow, 43% to hit)
You throw a stone. The stone closely misses the quokka.
The quokka closely misses you.
Unknown command.
Throw: 14 stones
Press: ? - help, Q - select action, (/) - cycle Shift-Dir - straight line, f/p - quokka
Aim: a quokka (heavily wounded, slow, 43% to hit)
You throw a stone. The stone hits the quokka.
The quokka is almost dead.
The quokka is no longer moving slowly.
The quokka bites you.
* * * LOW HITPOINT WARNING * * *
Throw: 13 stones
Press: ? - help, Q - select action, (/) - cycle Shift-Dir - straight line, f/p - quokka
Aim: a quokka (almost dead, 43% to hit)
You throw a stone. The stone barely misses the quokka.
The quokka bites you.
You die...

...####...########. #≈≈P
. #...........#.# #P≈P
... ##.####.######.###
#≈PP .....♣##..#
#...####...# #.##
......(..##
###..#.....###.##
........##
##...#.........
......#..##
####.#.##.#######
..((..##.(..##....#....#
g..(. ###(r@.#########
....# ###.:# b..# #...#
... #.#.# #.#.. #.####
#.# #.#


You could see a quokka.

Vanquished Creatures
  A frilled lizard (D:1)
  A rat (D:1)
2 creatures vanquished.

Notes
Turn   | Place    | Note
-------+----------+-------------------------------------------
     0 | D:1      | siradein the Demonspawn Arcane Marksman began the quest for
                  | the Orb.
     0 | D:1      | Reached XP level 1. HP: 15/15 MP: 2/2
   113 | D:1      | Slain by a quokka

Illustrated notes

Levels and vault maps discovered:
D:1:      psy_arrival_conway, layout_rooms, kennysheep_decorative_pillar

Action                   || total
-------------------------++-------
Melee: Unarmed           ||    19
Throw: Stone             ||    13
 Cast: Slow              ||     2
Armor: Robe              ||     3
Dodge: Dodged            ||    10

Table legend: (Time is in decaauts)
 A = Elapsed time spent in this place.
 B = Non-inter-level travel time spent in this place.
 C = Inter-level travel time spent in this place.
 D = Time resting spent in this place.
 E = Time spent auto-exploring this place.
 F = Levels seen in this place.
 G = Mean time per level.
                   A        B        C        D        E       F      G
               +--------+--------+--------+--------+--------+-----+--------+
         Total |    115 |    115 |      0 |      0 |     42 |   1 |  115.0 |
       Dungeon |    115 |    115 |      0 |      0 |     42 |   1 |  115.0 |
               +--------+--------+--------+--------+--------+-----+--------+

Top non-repeatable levels by time:
     D:1: 115 daAuts
